 Dungeon Crawl Stone Soup version 0.20.1-1-g8b1a95d (webtiles) character file.

192 LarsimusPrime the Ruffian (level 5, -3/53 HPs)
             Began as a Troll Monk on Sept 18, 2017.
             Was a Believer of Okawaru.
             Slain by Vespasian's ghost (10 damage)
             ... on level 3 of the Dungeon.
             The game lasted 00:07:50 (1445 turns).

LarsimusPrime the Ruffian (Troll Monk)              Turns: 1445, Time: 00:07:50

Health: -3/53      AC:  5    Str: 19    XL:     5   Next: 42%
Magic:  4/4        EV: 11    Int:  9    God:    Okawaru [**....]
Gold:   101        SH:  0    Dex: 13    Spells: 4/4 levels left

rFire    . . .     SeeInvis .     - Unarmed
rCold    . . .     Gourm    +   (no shield)
rNeg     . . .     Faith    .   a - +0 robe
rPois    .         Spirit   .   (helmet restricted)
rElec    .         Reflect  .   (no cloak)
rCorr    .         Harm     .   (gloves unavailable)
MR       .....                  (boots unavailable)
Stlth    +.........             (no amulet)
Regen    0.6/turn               e - ring of loudness (curse)
MPRegen  0.1/turn               h - +3 ring of intelligence

@: no status effects
A: unfitting armour, claws 3, fast metabolism 3, gourmand, regeneration 1,
shaggy fur 1, tough skin 2
a: Heroism, Renounce Religion


You were on level 3 of the Dungeon.
You worshipped Okawaru.
Okawaru was pleased with you.
You were completely stuffed.

You visited 1 branch of the dungeon, and saw 3 of its levels.

You collected 101 gold pieces.

Inventory:

Missiles
 g - 75 stones (quivered)
Armour
 a - a +0 robe (worn)
Magical Staves
 p - an uncursed staff of summoning {unknown}
Jewellery
 e - a cursed ring of loudness (left claw)
 h - a +3 ring of intelligence (right claw)
 q - an uncursed amulet of rage {unknown}
Scrolls
 j - 2 scrolls of recharging {unknown}
 k - a scroll of teleportation {unknown}
 m - 2 scrolls of magic mapping {unknown}
 r - 2 scrolls of identify {unknown}
 s - a scroll of fear {unknown}
Potions
 c - 2 potions of brilliance {unknown}
 d - 2 potions of heal wounds {unknown}
 i - a potion of curing {unknown}
 l - 2 potions of berserk rage {unknown}
Comestibles
 b - 2 bread rations
 f - 2 meat rations
 n - 16 chunks of flesh
 o - a royal jelly


   Skills:
 + Level 3.0 Fighting
 * Level 1.3 Throwing
 + Level 2.8 Dodging
 - Level 1.0 Stealth
 * Level 5.1 Unarmed Combat


You had 4 spell levels left.
You didn't know any spells.

Dungeon Overview and Level Annotations

Branches:
Dungeon (3/15)

Altars:
Fedhas
Okawaru
Vehumet
Xom
Zin

Annotations:
D:3 Vespasian's ghost, amateur MfGl


Innate Abilities, Weirdness & Mutations

You are too large for most types of armour.
You have claws for hands.
Your metabolism is lightning-fast.
You like to eat raw meat.
Your natural rate of healing is unusually fast.
You are covered in fur. (AC +1)
You have very tough skin. (AC +2)


Message History

Vespasian's ghost hits you!
You scratch Vespasian's ghost.
Vespasian's ghost is heavily damaged.
Vespasian's ghost hits you!
* * * LOW HITPOINT WARNING * * *
You closely miss Vespasian's ghost.
Vespasian's ghost is heavily damaged.
Vespasian's ghost hits you.
* * * LOW HITPOINT WARNING * * *
You miss Vespasian's ghost.
Vespasian's ghost is heavily damaged.
Vespasian's ghost hits you but does no damage.
You scratch Vespasian's ghost.
Vespasian's ghost is heavily damaged.
Vespasian's ghost hits you.
* * * LOW HITPOINT WARNING * * *
You scratch Vespasian's ghost.
Vespasian's ghost is heavily damaged.
Vespasian's ghost hits you!
You die...

...... .# ..... .
#.##........######
.####..#.............#
.......#.... .......#
#........##+#.......#
+........##.#.#W....#
##........##.#.#@....#
.#).......##.#.#.....#
.)........##.#.#.....#
..##.#'#..##.#.#.....#
...#.#.##.##.#.#.....#
#..#.#.##..#.#.#.....#
..<#.#.........##'####
####.#####...#.##.#
..# ##..####.#


You could see Vespasian's ghost.

Vanquished Creatures
  An orc priest (D:3)
  Natasha (thrice) (D:2)
  Terence (D:2)
  An adder (D:2)
  An ooze (D:2)
  2 worms (D:2)
  2 dart slugs (D:1)
  2 leopard geckos
  3 orcs (D:3)
  2 ball pythons (D:2)
  3 bats
  4 giant cockroaches
  2 hobgoblins
  2 jackals (D:2)
  4 frilled lizards
  A goblin (D:1)
  4 kobolds
  3 rats (D:2)
41 creatures vanquished.

Vanquished Creatures (others)
  A goblin (D:2)
1 creature vanquished.

Grand Total: 42 creatures vanquished

Notes
Turn   | Place    | Note
-------+----------+-------------------------------------------
     0 | D:1      | LarsimusPrime the Troll Monk began the quest for the Orb.
     0 | D:1      | Reached XP level 1. HP: 22/22 MP: 0/0
   398 | D:1      | Reached XP level 2. HP: 29/29 MP: 1/1
   756 | D:2      | Found an iron altar of Okawaru.
   756 | D:2      | Found a shimmering altar of Xom.
   756 | D:2      | Found a blossoming altar of Fedhas.
   756 | D:2      | Found a glowing silver altar of Zin.
   776 | D:2      | Became a worshipper of Warmaster Okawaru
   776 | D:2      | Reached * piety under Okawaru
   776 | D:2      | Reached ** piety under Okawaru
   792 | D:2      | Reached XP level 3. HP: 18/36 MP: 2/2
   819 | D:2      | Noticed Natasha
   823 | D:2      | Killed Natasha
   875 | D:2      | Reached skill level 1 in Throwing
   931 | D:2      | Reached XP level 4. HP: 45/45 MP: 3/3
   983 | D:2      | Found a radiant altar of Vehumet.
  1009 | D:2      | Reached skill level 4 in Unarmed Combat
  1070 | D:2      | Noticed Natasha
  1082 | D:2      | Killed Natasha
  1153 | D:2      | Noticed Natasha
  1156 | D:2      | Killed Natasha
  1204 | D:2      | Noticed Terence
  1216 | D:2      | Killed Terence
  1216 | D:2      | Reached XP level 5. HP: 45/53 MP: 4/4
  1377 | D:3      | Reached skill level 5 in Unarmed Combat
  1430 | D:3      | Noticed Vespasian's ghost (amateur MfGl)
  1445 | D:3      | Slain by Vespasian's ghost

Skill      XL: |  1  2  3  4  5 |
---------------+----------------+-----
Fighting       | 3 |  3.0
Throwing       | 1 |  1.3
Unarmed Combat | 4 5 |  5.1
Dodging        | |  2.8
Stealth        | |  1.0

Action                   |  1- 3 |  4- 6 || total
-------------------------+-------+-------++-------
Melee: Unarmed           |    48 |    74 ||   122
Throw: Stone             |     4 |       ||     4
  Use: Scroll            |     1 |       ||     1
  Eat: Chunk             |    14 |     5 ||    19
Armor: Robe              |    12 |    21 ||    33
Dodge: Dodged            |    20 |    38 ||    58
